 Dungeon Crawl Stone Soup version 0.19.1-28-ge1247f7 (webtiles) character file.

80313 ImaNewbie the Tortoise (level 15, -4/82 HPs)
             Began as a Gargoyle Gladiator on Jan 22, 2017.
             Was a High Priest of Okawaru.
             Slain by an alligator snapping turtle (21 damage)
             ... on level 2 of the Shoals.
             The game lasted 00:49:03 (20698 turns).

ImaNewbie the Tortoise (Gargoyle Gladiator)        Turns: 20698, Time: 00:49:04

Health: -4/82      AC: 63    Str: 21    XL:     15   Next: 66%
Magic:  14/21      EV: 12    Int: 11    God:    Okawaru [*****.]
Gold:   256        SH:  0    Dex: 16    Spells: 0 memorised, 14 levels left

rFire  + . .     SeeInvis .     K - +5 quarterstaff (drain)
rCold  + . .     Gourm    .     R - +7 crystal plate armour of Yloluoru {+Blink rC+ MR+}
rNeg   + . .     Faith    .     (shield currently unavailable)
rPois  ∞         Spirit   .     C - +1 helmet
rElec  +         Reflect  .     G - +2 cloak {rPois}
rCorr  .         Harm     .     U - +0 pair of gloves {archery}
MR     ++...     Clarity  +     H - +1 pair of boots
Stlth  ..........               (no amulet)
                                V - +5 ring of protection
                                m - ring of protection from fire

@: heroism, finesse
A: big wings, thin skeletal structure 1, blurry vision 2, clarity, clever 1,
frail 1, negative energy resistance 1, electricity resistance, unbreathing,
petrification resistance, rot immunity, AC +11
a: Fly, Heroism, Finesse, Renounce Religion, Evoke Blink


You were on level 2 of the Shoals.
You worshipped Okawaru.
Okawaru was extremely pleased with you.
You were not hungry.

You visited 5 branches of the dungeon, and saw 21 of its levels.
You also visited: Bailey.

You collected 1356 gold pieces.
You spent 1100 gold pieces at shops.

Inventory:

Hand Weapons
 a - a +2 quarterstaff of chaos
 b - a +0 blowgun
 K - a +5 quarterstaff of draining (weapon)
Missiles
 d - 4 throwing nets (quivered)
 p - 51 poisoned needles
 x - 7 curare-tipped needles
Armour
 C - a +1 helmet (worn)
 G - a +2 cloak of poison resistance (worn)
 H - a +1 pair of boots (worn)
 R - the +7 crystal plate armour of Yloluoru (worn) {+Blink rC+ MR+}
   (Okawaru gifted it to you on level 1 of the Lair of Beasts)

   It protects you from cold.
   It affects your resistance to hostile enchantments.
   It lets you blink.
 U - a +0 pair of gloves of archery (worn)
 Z - a +0 hat of see invisible
Jewellery
 k - an uncursed ring of protection from cold
 m - a ring of protection from fire (left hand)
 O - an uncursed ring of see invisible
 V - a +5 ring of protection (right hand)
Wands
 o - a wand of digging (15/24)
 z - a wand of paralysis (11/24)
Scrolls
 e - 8 scrolls of remove curse
 j - 10 scrolls of teleportation
 n - a scroll of blinking
 r - a scroll of identify
 s - a scroll of magic mapping
 u - 3 scrolls of noise {unknown}
 y - 7 scrolls of amnesia {unknown}
 A - 5 scrolls of enchant weapon {unknown}
 B - 4 scrolls of enchant armour
 I - 3 scrolls of recharging {unknown}
 J - a scroll of acquirement {unknown}
 P - a scroll of summoning {unknown}
 S - 3 scrolls of immolation {unknown}
 T - 2 scrolls of fog {unknown}
 X - 2 scrolls of fear {unknown}
Potions
 f - 9 potions of curing
 h - 5 potions of heal wounds
 i - 2 potions of brilliance
 t - 2 potions of flight
 v - 5 potions of agility
 w - 3 potions of haste
 D - 2 potions of resistance
 E - a potion of beneficial mutation {unknown}
 L - 3 potions of invisibility
 M - 2 potions of ambrosia
 N - 2 potions of cancellation
 Q - a potion of berserk rage
 W - 5 potions of lignification
Comestibles
 c - 3 slices of pizza
 g - 10 fruits
 l - 11 bread rations
 q - 3 beef jerkies
 F - 8 meat rations


   Skills:
 + Level 10.3(15.3) Fighting
 - Level 14.1(19.1) Staves
 - Level 1.7(6.7) Throwing
 - Level 17.0(22.0) Armour
 + Level 7.1(12.1) Dodging
 - Level 9.0 Invocations


You had 14 spell levels left.
You didn't know any spells.

Dungeon Overview and Level Annotations

Branches:
Dungeon (11/15)            Temple (1/1) D:7            Lair (5/6) D:11
 Shoals (2/4) Lair:4        Snake (0/4) Lair:4        Slime (0/5) Lair:5
    Orc (2/2) D:10            Elf (0/3) Orc:2

Altars:
Ashenzari
Cheibriados
Dithmenos
Elyvilon
Fedhas
Gozag
Hepliaklqana
Kikubaaqudgha
Makhleb
Nemelex Xobeh
Okawaru
Qazlal
Ru
Sif Muna
Trog
Uskayaw
Vehumet
Xom
Yredelemnul
Zin
The Shining One
Beogh

Shops:
D:8 [   D:10 *   Orc:1 =   Shoals:1 *   Shoals:2 :=*

Annotations:
D:8 exclusion: oklob sapling
Lair:5 exclusion: oklob plant


Innate Abilities, Weirdness & Mutations

You are resistant to torment.
Your stone body is resilient. (AC +11)
You are immune to poison.
Your large and strong wings let you fly indefinitely.
You resist negative energy. (rN+)
You are resistant to electric shocks. (rElec)
You can survive without breathing.
You are immune to petrification.
You are immune to rotting.
You have a somewhat thin skeletal structure. (Dex +2, Stealth)
Scrolls take you longer to read.
You possess an exceptional clarity of mind.
Your mind is acute. (Int +2)
You are frail. (-10% HP)


Message History

The tomahawk hits you but does no damage.
The merfolk javelineer hits you but does no damage.
The merfolk hits you but does no damage.
The merfolk javelineer throws a javelin of penetration.
The javelin of penetration pierces through you but does no damage.
The alligator snapping turtle bites you!!
* * * LOW HITPOINT WARNING * * *
The merfolk hits you but does no damage.
Things that are here:
2 javelins of penetration; a tomahawk You hit the alligator snapping turtle.
You drain the alligator snapping turtle!
The alligator snapping turtle is lightly wounded.
You completely miss the alligator snapping turtle.
The alligator snapping turtle is lightly wounded.
The merfolk hits you but does no damage.
The merfolk javelineer throws a javelin of penetration.
The javelin of penetration closely misses you.
The alligator snapping turtle bites you!!
You die...

≈≈≈≈≈≈≈[.mm###.≈≈≈≈≈≈.......
≈≈≈≈≈≈†≈†.t@()≈≈.≈≈.≈.......
≈≈≈≈≈≈.≈≈≈m..≈≈≈.≈......≈...
≈..≈≈...≈≈≈≈≈≈≈≈≈≈..##.≈≈≈..
...≈≈....≈≈≈≈≈≈≈≈...#..≈≈≈≈≈
...........≈≈≈≈≈≈≈..≈≈≈≈≈≈≈≈
.....≈.....≈≈≈≈≈≈≈≈≈≈≈≈≈≈≈≈≈
...%......≈≈≈≈≈≈≈≈≈≈≈≈≈≈≈≈≈≈
...........≈≈≈≈≈≈≈≈≈≈≈≈≈≈≈≈≈
≈≈≈≈≈≈≈≈≈≈≈≈≈≈≈≈≈
≈≈≈≈≈≈≈≈≈≈≈≈≈≈≈≈ ≈≈≈≈≈≈
≈≈≈≈≈ ≈≈≈≈≈ ≈≈≈≈≈ ≈≈≈≈≈
≈≈≈≈≈


You could see an alligator snapping turtle, a merfolk javelineer and 2 merfolk.

Vanquished Creatures
  A kraken (Shoals:1)
  Gastronok (Lair:2)
  An orc warlord (Bailey)
  2 merfolk impalers
  The ghost of Naksu the Cleaver, a journeyman MiFi of Okawaru (Lair:1)
  4 hydras
  A catoblepas (Lair:5)
  An ice dragon (Lair:3)
  A merfolk avatar (Shoals:1)
  Nergalle (Lair:4)
  4 sea snakes
  A death drake (D:11)
  The ghost of Jovan the Carver, a novice HuFi of Hepliaklqana (D:7)
  9 harpies (Shoals:2)
  3 orc knights
  An ugly thing (D:11)
  2 wolf spiders (Lair:3)
  2 cyclopes (Shoals:1)
  3 manticores
  3 sirens (Shoals:1)
  4 elephants
  A water nymph (Shoals:1)
  Maurice (D:9)
  2 black mambas
  7 spiny frogs
  7 rime drakes
  9 komodo dragons
  2 harpy zombies (Shoals:1)
  2 trolls
  A polar bear (Lair:4)
  3 merfolk
  2 two-headed ogres
  3 wind drakes
  3 blink frogs (Lair:4)
  A hornet (Lair:3)
  Prince Ribbit (D:7)
  3 snapping turtles
  6 dream sheep (Shoals:1)
  4 hippogriffs
  Sigmund (D:3)
  2 spriggans
  2 wyverns
  A yak (shapeshifter) (Lair:2)
  A vampire (D:11)
  A steam dragon (D:9)
  11 yaks
  6 basilisks
  2 wargs (D:10)
  A mottled dragon (D:11)
  3 nagas (Lair:4)
  The ghost of ImaNewbie the Twirler, an amateur GrGl (D:4)
  8 porcupines
  7 water moccasins
  A black bear (D:8)
  14 orc warriors
  18 ice beasts
  A sky beast (D:8)
  A phantom (D:8)
  A necrophage (D:11)
  10 ogres
  6 centaurs
  11 wolves
  12 crocodiles
  3 hippogriff zombies (Shoals:1)
  14 bullfrogs
  3 big kobolds
  A gnoll sergeant (D:10)
  A wyvern zombie (D:11)
  3 scorpions
  A jelly (D:11)
  6 howler monkeys (D:7)
  3 crimson imps
  A centaur zombie (D:9)
  13 orc wizards
  Crazy Yiuf (D:5)
  8 hounds
  8 orc priests
  2 bullfrog skeletons
  A centaur skeleton (D:7)
  4 iguanas
  9 worker ants
  A killer bee zombie (D:9)
  A hound zombie (D:5)
  2 hound skeletons
  2 worker ant zombies
  Robin (D:2)
  10 gnolls
  19 adders
  3 shadow imps
  2 oozes
  2 adder zombies (D:9)
  3 dart slugs (D:1)
  2 leopard geckos (D:3)
  42 orcs
  6 bats
  A giant cockroach (D:1)
  21 goblins
  10 hobgoblins
  17 jackals
  29 kobolds
  5 quokkas
  4 ball pythons (D:8)
  6 frilled lizards
  15 rats
  8 tentacles (Shoals:1)
521 creatures vanquished.

Vanquished Creatures (collateral kills)
  A howler monkey (D:7)
  A kobold (D:7)
2 creatures vanquished.

Vanquished Creatures (others)
  An orc (Orc:2)
  5 fungi
  8 plants
  7 tentacles (Shoals:1)
21 creatures vanquished.

Grand Total: 544 creatures vanquished

Notes
Turn   | Place    | Note
-------+----------+-------------------------------------------
     0 | D:1      | ImaNewbie the Gargoyle Gladiator began the quest for the Orb.
     0 | D:1      | Reached XP level 1. HP: 12/12 MP: 1/1
   112 | D:1      | Reached XP level 2. HP: 17/17 MP: 2/2
   507 | D:1      | Found a shimmering altar of Xom.
   509 | D:1      | Found a bloodstained altar of Trog.
   509 | D:1      | Found a burning altar of Makhleb.
   511 | D:1      | Found a shimmering altar of Xom.
   511 | D:1      | Found a snail-covered altar of Cheibriados.
   511 | D:1      | Found a shadowy altar of Dithmenos.
   610 | D:1      | Reached XP level 3. HP: 21/21 MP: 3/3
  1211 | D:2      | Found a shattered altar of Ashenzari.
  1211 | D:2      | Found a white marble altar of Elyvilon.
  1310 | D:2      | Reached XP level 4. HP: 24/26 MP: 4/4
  1428 | D:2      | Noticed Robin
  1448 | D:2      | Reached skill level 5 in Staves
  1475 | D:2      | Killed Robin
  2157 | D:3      | Noticed Sigmund
  2173 | D:3      | Killed Sigmund
  2173 | D:3      | Reached XP level 5. HP: 6/30 MP: 5/5
  2173 | D:3      | Reached XP level 6. HP: 7/35 MP: 6/6
  3424 | D:4      | Found a hide-covered altar of Uskayaw.
  3534 | D:4      | Reached XP level 7. HP: 34/40 MP: 7/7
  3682 | D:4      | Noticed ImaNewbie's ghost (amateur GrGl)
  3705 | D:4      | Killed ImaNewbie's ghost
  3751 | D:4      | Found a radiant altar of Vehumet.
  4085 | D:4      | Found a bloodstained altar of Trog.
  4321 | D:5      | Entered Level 5 of the Dungeon
  4778 | D:5      | Reached skill level 1 in Armour
  4778 | D:5      | Reached XP level 8. HP: 42/45 MP: 8/8
  4868 | D:5      | Found a runed door.
  4950 | D:5      | Reached skill level 2 in Armour
  5006 | D:5      | Noticed Crazy Yiuf
  5014 | D:5      | Killed Crazy Yiuf
  5062 | D:5      | Reached skill level 3 in Armour
  5482 | D:6      | Noticed a water elemental
  5483 | D:6      | Found a stormy altar of Qazlal.
  5757 | D:6      | Noticed an air elemental
  6098 | D:7      | Reached skill level 5 in Fighting
  6098 | D:7      | Reached skill level 4 in Armour
  6146 | D:7      | Found a sacrificial altar of Ru.
  6207 | D:7      | Reached skill level 5 in Armour
  6207 | D:7      | Reached XP level 9. HP: 51/55 MP: 9/9
  6414 | D:7      | Reached skill level 6 in Armour
  6417 | D:7      | Found a staircase to the Ecumenical Temple.
  6438 | D:7      | Noticed Prince Ribbit
  6463 | Temple   | Entered the Ecumenical Temple
  6655 | Temple   | Became a worshipper of Warmaster Okawaru
  6924 | D:7      | Noticed Jovan's ghost (novice HuFi)
  7202 | D:6      | Reached skill level 7 in Armour
  7489 | D:7      | Killed Prince Ribbit
  7489 | D:7      | Reached * piety under Okawaru
  7542 | D:7      | Killed Jovan's ghost
  7542 | D:7      | Reached skill level 8 in Armour
  7576 | D:8      | Reached XP level 10. HP: 65/65 MP: 10/10
  7616 | D:8      | Reached ** piety under Okawaru
  7812 | D:8      | Reached skill level 1 in Invocations
  7848 | D:8      | Found Tefracw's Armour Emporium.
  8528 | D:9      | Noticed Maurice
  8553 | D:9      | Killed Maurice
  8553 | D:9      | Reached skill level 5 in Invocations
  8831 | D:9      | Reached *** piety under Okawaru
  8950 | D:9      | Found a faded altar of an unknown god.
  8950 | D:9      | Found a faded altar of an unknown god.
  8959 | D:9      | Found a faded altar of an unknown god.
  8961 | D:9      | Found a burning altar of Makhleb.
  8962 | D:9      | Found a faded altar of an unknown god.
  9241 | D:10     | Entered Level 10 of the Dungeon
  9364 | D:10     | Found Bedu's Assorted Antiques.
  9570 | D:10     | Found a staircase to the Orcish Mines.
  9582 | D:10     | Found a roughly hewn altar of Beogh.
  9844 | D:10     | Found a sparkling altar of Nemelex Xobeh.
  9911 | D:10     | Reached skill level 10 in Staves
 10024 | D:11     | Reached XP level 11. HP: 41/71 MP: 16/16
 10030 | D:11     | Reached **** piety under Okawaru
 10073 | D:11     | Noticed a white ugly thing
 10098 | D:11     | Killed a white ugly thing
 10169 | D:11     | Found a labyrinth entrance.
 10169 | D:11     | Noticed a hill giant
 10203 | D:11     | Found a staircase to the Lair.
 10262 | D:11     | Found a flagged portal.
 10314 | D:11     | Noticed a six-headed hydra
 10323 | D:11     | Noticed a death drake
 10323 | D:11     | a hippogriff changed into a death drake
 10329 | D:11     | Killed a death drake
 10335 | D:11     | Killed a six-headed hydra
 10372 | D:11     | Reached ***** piety under Okawaru
 10389 | Bailey   | Entered a bailey
 10407 | Bailey   | Noticed an orc warlord
 10507 | Bailey   | Found a runed gate.
 10508 | Bailey   | Found a runed gate.
 10510 | Bailey   | Found a runed gate.
 10517 | Bailey   | Noticed an orc knight
 10536 | Bailey   | Killed an orc knight
 10599 | Bailey   | Killed an orc warlord
 10858 | D:11     | Noticed a manticore
 10864 | D:11     | Killed a manticore
 11546 | Lair:1   | Entered Level 1 of the Lair of Beasts
 11678 | Lair:1   | Received a gift from Okawaru
 11683 | Lair:1   | Got a translucent crystal plate armour {god gift}
 11694 | Lair:1   | Identified the +7 crystal plate armour of Yloluoru {+Blink rC+ MR+} (Okawaru gifted it to you on level 1 of the Lair of Beasts)
 11747 | Lair:1   | Noticed a five-headed hydra
 11758 | Lair:1   | Killed a five-headed hydra
 11758 | Lair:1   | Reached XP level 12. HP: 32/76 MP: 17/17
 12084 | Lair:1   | Noticed Naksu's ghost (journeyman MiFi)
 12164 | Lair:1   | Killed Naksu's ghost
 12278 | Lair:1   | Reached skill level 9 in Armour
 13110 | Lair:2   | Reached skill level 10 in Armour
 13418 | Lair:2   | Reached skill level 11 in Armour
 13442 | Lair:2   | Noticed Gastronok
 13465 | Lair:2   | Killed Gastronok
 14021 | Lair:2   | Received a gift from Okawaru
 14021 | Lair:2   | Reached skill level 12 in Armour
 14290 | Lair:3   | Noticed an eight-headed hydra
 14308 | Lair:3   | Killed an eight-headed hydra
 14562 | Lair:3   | Reached XP level 13. HP: 80/80 MP: 18/18
 14567 | Lair:3   | Reached skill level 13 in Armour
 14578 | Lair:3   | Noticed an ice dragon
 14607 | Lair:3   | Killed an ice dragon
 14794 | Lair:3   | Received a gift from Okawaru
 15133 | Lair:3   | Reached skill level 14 in Armour
 15583 | Lair:4   | Reached ****** piety under Okawaru
 15600 | Lair:4   | Reached skill level 15 in Armour
 15669 | Lair:4   | Noticed Nergalle
 15671 | Lair:4   | Found a staircase to the Snake Pit.
 15687 | Lair:4   | Killed Nergalle
 15687 | Lair:4   | Received a gift from Okawaru
 15947 | Lair:4   | Found a staircase to the Shoals.
 16715 | Lair:5   | Found a staircase to the Slime Pits.
 17430 | Orc:1    | Entered Level 1 of the Orcish Mines
 17441 | Orc:1    | Reached skill level 16 in Armour
 17585 | Orc:1    | Found Acovi's Jewellery Shop.
 18017 | D:10     | Gained mutation: Your large and strong wings let you fly indefinitely. [Gargoyle growth]
 18017 | D:10     | Reached XP level 14. HP: 39/86 MP: 19/19
 18404 | Orc:1    | You fall through a shaft!
 18404 | Orc:2    | Entered Level 2 of the Orcish Mines
 18423 | Orc:2    | Found a staircase to the Elven Halls.
 18433 | Orc:2    | Noticed an orc warlord
 18591 | Shoals:1 | Entered Level 1 of the Shoals
 18591 | Shoals:1 | Noticed a kraken
 18760 | Lair:4   | Received a gift from Okawaru
 18975 | Shoals:1 | Killed a kraken
 19098 | Shoals:1 | Reached skill level 17 in Armour
 19658 | Shoals:1 | Found Oneureulay's Assorted Antiques.
 20034 | Shoals:1 | Reached skill level 5 in Dodging
 20034 | Shoals:1 | Reached XP level 15. HP: 90/90 MP: 21/21
 20274 | Shoals:2 | Found Eduuju's Assorted Antiques.
 20367 | Shoals:2 | Gained mutation: You possess an exceptional clarity of mind. [potion of mutation]
 20367 | Shoals:2 | Gained mutation: You have a somewhat thin skeletal structure. (Dex +2, Stealth) [potion of mutation]
 20367 | Shoals:2 | Gained mutation: Scrolls take you a little longer to read. [potion of mutation]
 20368 | Shoals:2 | Gained mutation: Your mind is acute. (Int +2) [potion of mutation]
 20368 | Shoals:2 | Gained mutation: You are frail. (-10% HP) [potion of mutation]
 20368 | Shoals:2 | Gained mutation: Scrolls take you longer to read. [potion of mutation]
 20380 | Shoals:2 | Found Arabovov's Jewellery Shop.
 20389 | Shoals:2 | Bought a +5 ring of protection for 1100 gold pieces
 20478 | Shoals:2 | Reached skill level 10 in Fighting
 20581 | Shoals:2 | Found Huagg's Book Emporium.
 20677 | Shoals:2 | Received a gift from Okawaru
 20698 | Shoals:2 | Slain by an alligator snapping turtle

Skill      XL: |  1  2  3  4  5  6  7  8  9 10 11 12 13 14 15 |
---------------+----------------------------------------------+-----
Staves         | 4 6 7 9 10 13 14 | 14.1
Armour         | 1 5 8 12 16 17 | 17.0
Fighting       | 5 8 9 10 | 10.3
Invocations    | 7 9 |  9.0
Dodging        | 5 7 |  7.1
Throwing       | |  1.7

Action                   |  1- 3 |  4- 6 |  7- 9 | 10-12 | 13-15 || total
-------------------------+-------+-------+-------+-------+-------++-------
Melee: Quarterstaff      |    98 |   193 |   372 |  1037 |  1046 ||  2746
Invok: Heroism           |       |       |     1 |     2 |     7 ||    10
       Finesse           |       |       |       |     1 |     2 ||     3
  Use: Scroll            |       |       |     9 |     5 |    10 ||    24
       Potion            |       |       |       |     2 |     4 ||     6
 Stab: Petrified         |       |       |     1 |    14 |       ||    15
       Petrifying        |       |       |     1 |     3 |       ||     4
       Paralysed         |       |       |     3 |     5 |       ||     8
       Confused          |       |       |       |     3 |       ||     3
  Eat: Chunk             |     1 |     7 |    13 |    24 |    20 ||    65
Armor: Leather armour    |    37 |       |       |       |       ||    37
       Plate armour      |     7 |   125 |   226 |   549 |       ||   907
       Crystal plate arm |       |       |       |   245 |  1142 ||  1387
Dodge: Dodged            |    65 |    67 |   117 |   269 |   395 ||   913
